[Event "Team 45 45 League T57"]
[Site "Internet Chess Club"]
[Date "2013.07.19"]
[Round "9"]
[White "DeltaChess"]
[Black "g8wrb"]
[Result "0-1"]
[WhiteElo "1348"]
[BlackElo "1419"]
[Opening "French: Tarrasch, closed variation"]
[ECO "C05"]
[Time "16:06:59"]
[TimeControl "2700+45"]

1. e4 e6 2. d4 d5 3. Nd2 Nf6 4. e5 Nfd7 5. Ngf3 c5 6. c3 Nc6 7. Bd3 Be7 8. O-O
cxd4 9. cxd4 O-O 10. Nb3 f5 11. Bf4 b6 12. Rc1 Nb4 13. Bb1 Bb7 14. a3 Na6 15.
Re1 Rc8 16. Re3 g5 17. Bg3 f4 18. Qd3 Rxc1+ 19. Nxc1 Rf7 20. Re1 fxg3 21. fxg3
Nc7 22. Qc2 Ba6 23. Ne2 Bxe2 24. Rxe2 Ne8 25. Rf2 Nf8 26. Qd3 g4 27. Ne1 Rxf2
28. Kxf2 Qc7 29. Qd2 Qc4 30. Qf4 h5 31. h3 gxh3 32. gxh3 Ng7 33. g4 Bh4+ {White
resigns} 0-1

[Event "Team 45 45 League T57"]
[Site "Internet Chess Club"]
[Date "2013.07.17"]
[Round "9"]
[White "guyd52"]
[Black "wildcat2023"]
[Result "0-1"]
[WhiteElo "1371"]
[BlackElo "1499"]
[Opening "Réti: King's Indian attack (Barcza system)"]
[ECO "A07"]
[Time "19:04:23"]
[TimeControl "2700+45"]

1. Nf3 d5 2. g3 Nf6 3. Bg2 c6 4. d3 Bg4 5. O-O Nbd7 6. Nbd2 e6 7. Qe1 Bd6 8. e4
Qc7 9. a3 O-O 10. b4 a5 11. Bb2 e5 12. c3 Nb6 13. Qd1 axb4 14. cxb4 Na4 15. Qb3
d4 16. Rfc1 b5 17. Qc2 Rfc8 18. Qb3 Qd7 19. Rc2 Be6 20. Nc4 bxc4 21. dxc4 Nxb2
22. Qxb2 Bc7 23. Nd2 c5 24. Nb3 Bb6 25. b5 Ra4 26. Nd2 Rca8 27. f3 Qa7 28. Nb1
Bxc4 29. Bf1 Be6 30. Bd3 c4 31. Bf1 c3 {White resigns} 0-1